 Dungeon Sprint DCSS version 0.27-a0-797-g27d10ad80f (webtiles) character file.

Game seed: 9103966585761427751

14168 mhtbhm the Impaler (level 11, -28/117 HPs)
             Began as a Minotaur Fighter on Mar 28, 2021.
             Was the Champion of Trog.
             Killed from afar by a frost giant (44 damage)
             ... with a bolt of cold
             ... in the Dungeon (Sprint VII: "The Pits").
             The game lasted 00:04:19 (2206 turns).

mhtbhm the Impaler (Minotaur Fighter)               Turns: 2206, Time: 00:04:22

Health: -28/117    AC: 23    Str: 26    XL:     11   Next: 85%
Magic:  3/3        EV: 10    Int:  5    God:    Trog [******]
Gold:   30         SH: 15    Dex: 14    Spells: 10/10 levels left

rFire    . . .     SeeInvis +   a - +9 spear "Cuirejaw" {antimagic, Str+3 SInv}
rCold    . . .     Faith    .   c - +0 kite shield
rNeg     . . .     Spirit   .   b - +3 plate armour
rPois    .         Reflect  .   (helmet restricted)
rElec    .         Harm     .   (no cloak)
rCorr    .         Rampage  .   (no gloves)
Will     .....     NoTele   +   (no boots)
Stlth    ..........             (no amulet)
HPRegen  0.29/turn              m - +3 ring of dexterity
MPRegen  0.08/turn              n - +3 ring of protection

@: berserk cooldown, slowed, very slow
A: horns 2, retaliatory headbutt
a: Renounce Religion, Berserk, Trog's Hand, Brothers in Arms


You were in the Dungeon.
You worshipped Trog.
Trog was exalted by your worship.
You visited 1 branch You collected 30 gold pieces.

Inventory:

Hand Weapons
 a - the +9 spear "Cuirejaw" (weapon) {antimagic, Str+3 SInv}
   (Trog gifted it to you in the Dungeon)

   It reduces the magical energy of the wielder, and disrupts the spells and
   magical abilities of those hit.
   Natural abilities and divine invocations are not affected.
   It affects your strength (+3).
   It lets you see invisible.
Armour
 b - a +3 plate armour (worn)
 c - a +0 kite shield (worn)
Jewellery
 m - a +3 ring of dexterity (left hand)
 n - a +3 ring of protection (right hand)
 p - a ring of fire
 r - a ring of ice
Scrolls
 j - a scroll of blinking
 l - a scroll of summoning
 q - a scroll of silence
 s - 3 scrolls of identify
 u - 2 scrolls of enchant weapon
 v - 2 scrolls of fog
 w - 3 scrolls of fear
Potions
 d - 3 potions of might
 e - 5 potions of curing
 f - 14 potions of heal wounds
 g - a potion of haste
 h - 4 potions of magic
 i - 5 potions of berserk rage
 k - 2 potions of invisibility
 o - a potion of resistance
 t - a potion of ambrosia
 x - a potion of mutation


   Skills:
 + Level 17.0 Fighting
 + Level 18.1 Polearms
 + Level 16.8 Armour
 + Level 6.0 Dodging
 + Level 2.0 Stealth
 + Level 16.2 Shields


You had 10 spell levels left.
You didn't know any spells.
Your spell library was empty.

Dungeon Overview and Level Annotations

Branches:
Dungeon (1/1)

Altars:
Ashenzari
Cheibriados
Dithmenos
Elyvilon
Fedhas
Gozag
Hepliaklqana
Kikubaaqudgha
Makhleb
Nemelex Xobeh
Okawaru
Qazlal
Ru
Sif Muna
Trog
Uskayaw
Vehumet
Wu Jian
Xom
Yredelemnul
Zin
The Shining One
Beogh
Jiyva
Lugonu


Innate Abilities, Weirdness & Mutations

You have a pair of horns on your head.
You reflexively headbutt those who attack you in melee.


Message History

The frost giant freezes you.
The merfolk javelineer throws a javelin.
The javelin closely misses you.
You puncture the frost giant!
The frost giant's magic leaks into the air.
The frost giant is heavily wounded.
You are no longer berserk.
You are exhausted.
You feel yourself slow down.
Unknown command.
Your stone giant goes berserk!
The frost giant hits you but does no damage.
The merfolk javelineer throws a javelin.
The javelin pierces through you!
The frost giant hits you with a +1 battleaxe of freezing!!
The frost giant freezes you!
Unknown command.
You feel much better.
The merfolk javelineer throws a javelin.
The javelin pierces through you!!
The frost giant gestures at you while chanting.
The bolt of cold hits you!!
* * * LOW HITPOINT WARNING * * *
You block the merfolk javelineer's attack.
Okay, then.
You feel much better. The frost giant barely misses you.
You furiously retaliate!
You headbutt the frost giant, but do no damage.
The merfolk javelineer throws a javelin.
The javelin pierces through you!
* * * LOW HITPOINT WARNING * * *
The frost giant hits you but does no damage.
Your stone giant barely misses the frost giant.
The merfolk javelineer hits you from afar with a +4 spear of freezing!
* * * LOW HITPOINT WARNING * * *
The merfolk javelineer freezes you.
* * * LOW HITPOINT WARNING * * *
The frost giant casts a spell at you. The bolt of cold hits your stone giant!
The bolt of cold hits you!!!
You die...

........''..........
........''..........
#+####..##..#....#..
#..##..........
#..##..........
#..####''####++
#..####'C###
#..##..)mC.#
#######..##.#†##@#
.........##.#)E'.#
.........##.'=[#.#
###########.#=.+.#
###### #.+:=#.#
.....# # ##+#.#
.....# ..# .....+
### .....+


You could see a frost giant (ally target), a merfolk javelineer, an earth
elemental and a friendly stone giant (summoned, berserk).

Vanquished Creatures
  A death cob (D)
  A fire giant (D)
  An apis (D)
  A flayed ghost (D)
  A bog body (D)
  A deep elf pyromancer (D)
  A deep elf zephyrmancer (D)
  2 slime creatures (D)
  A merfolk siren (D)
  A rime drake (D)
  2 freezing wraiths (D)
  3 ice devils (D)
  2 tyrant leeches (D)
  A jumping spider (D)
  6 dream sheep (D)
  2 snapping turtles (D)
  A flying skull (D)
  A ynoxinul (D)
  A water elemental (D)
  2 redbacks (D)
  A vampire (D)
  A shadow (D)
  Eustachio (D)
  2 wargs (D)
  2 floating eyes (D)
  A water moccasin (D)
  2 orc warriors (D)
  An ice beast (D)
  A black bear (D)
  A swamp drake (D)
  2 necrophages (D)
  A bullfrog (D)
  3 crimson imps (D)
  A jelly (D)
  2 orc priests (D)
  An iron imp (D)
  2 orc wizards (D)
  An adder (D)
  An adder skeleton (D)
  An adder zombie (D)
  A worm (D)
  5 orcs (D)
  A ball python (D)
  A bat (D)
  A bat zombie (D)
  A kobold (D)
  A ball python skeleton (D)
  3 frilled lizards (D)
  A jackal simulacrum (D)
  A jackal skeleton (D)
  A quokka zombie (D)
77 creatures vanquished.

Vanquished Creatures (collateral kills)
  A merfolk avatar (D)
1 creature vanquished.

Vanquished Creatures (others)
  A lorocyproca (D)
1 creature vanquished.

Grand Total: 79 creatures vanquished

Notes
Turn   | Place    | Note
-------+----------+-------------------------------------------
     0 | D        | mhtbhm the Minotaur Fighter began the quest for the Orb.
     0 | D        | Reached XP level 1. HP: 19/19 MP: 0/0
    20 | D        | Found a bloodstained altar of Trog.
    20 | D        | Found a shimmering blue altar of Sif Muna.
    20 | D        | Found a viscous altar of Jiyva.
    20 | D        | Found a hazy altar of Hepliaklqana.
    20 | D        | Found an opulent altar of Gozag.
    21 | D        | Found a glowing golden altar of the Shining One.
    21 | D        | Found a glowing silver altar of Zin.
    21 | D        | Found a basalt altar of Yredelemnul.
    21 | D        | Found a shimmering altar of Xom.
    21 | D        | Found an ornate altar of the Wu Jian Council.
    21 | D        | Found a sacrificial altar of Ru.
    21 | D        | Found a stormy altar of Qazlal.
    21 | D        | Found an iron altar of Okawaru.
    21 | D        | Found a sparkling altar of Nemelex Xobeh.
    21 | D        | Found a burning altar of Makhleb.
    21 | D        | Found a blossoming altar of Fedhas.
    21 | D        | Found a white marble altar of Elyvilon.
    21 | D        | Found a shadowy altar of Dithmenos.
    21 | D        | Found a snail-covered altar of Cheibriados.
    23 | D        | Found a radiant altar of Vehumet.
    23 | D        | Found a corrupted altar of Lugonu.
    25 | D        | Became a worshipper of Trog the Wrathful
    70 | D        | Noticed a floating eye
    72 | D        | Paralysed by a floating eye for 2 turns
    74 | D        | Killed a floating eye
    74 | D        | Reached * piety under Trog
    75 | D        | Reached skill level 4 in Polearms
    75 | D        | Reached XP level 2. HP: 34/34 MP: 1/1
    75 | D        | Reached XP level 3. HP: 39/39 MP: 2/2
    75 | D        | Reached XP level 4. HP: 47/47 MP: 3/3
   182 | D        | Noticed a floating eye
   187 | D        | Killed a floating eye
   188 | D        | Reached skill level 5 in Polearms
   188 | D        | Reached XP level 5. HP: 56/56 MP: 4/4
   192 | D        | Reached ** piety under Trog
   264 | D        | Noticed an orc warrior
   265 | D        | Noticed a water moccasin
   267 | D        | Reached *** piety under Trog
   271 | D        | Reached skill level 6 in Polearms
   271 | D        | Reached XP level 6. HP: 63/63 MP: 5/5
   280 | D        | Killed an orc warrior
   284 | D        | Killed a water moccasin
   285 | D        | Reached skill level 10 in Fighting
   285 | D        | Reached skill level 7 in Polearms
   285 | D        | Reached skill level 10 in Armour
   285 | D        | Reached skill level 1 in Dodging
   293 | D        | Reached **** piety under Trog
   298 | D        | Reached skill level 10 in Shields
   298 | D        | Reached XP level 7. HP: 73/73 MP: 6/6
   300 | D        | Reached ***** piety under Trog
   427 | D        | Reached skill level 8 in Polearms
   429 | D        | Noticed a flying skull
   450 | D        | Killed a flying skull
   450 | D        | Received a gift from Trog
   587 | D        | Reached skill level 9 in Polearms
   608 | D        | Reached XP level 8. HP: 38/82 MP: 7/7
   836 | D        | Found a hide-covered altar of Uskayaw.
   836 | D        | Found an ancient bone altar of Kikubaaqudgha.
   836 | D        | Found a broken altar of Ashenzari.
   865 | D        | Noticed a bog body
   866 | D        | Noticed a tyrant leech
   882 | D        | Killed a tyrant leech
   883 | D        | Reached skill level 1 in Stealth
   886 | D        | Killed a bog body
   886 | D        | Received a gift from Trog
   887 | D        | Reached skill level 10 in Polearms
   888 | D        | Reached skill level 11 in Polearms
  1094 | D        | Reached ****** piety under Trog
  1099 | D        | Reached XP level 9. HP: 90/90 MP: 8/8
  1101 | D        | Identified the +9 spear "Cuirejaw" {antimagic, Str+3 SInv}
                  | (Trog gifted it to you in the Dungeon)
  1101 | D        | Received a gift from Trog
  1150 | D        | Noticed an ice devil
  1163 | D        | Killed an ice devil
  1164 | D        | Reached skill level 12 in Polearms
  1189 | D        | Received a gift from Trog
  1190 | D        | Reached skill level 13 in Polearms
  1298 | D        | Noticed a freezing wraith
  1311 | D        | Killed a freezing wraith
  1312 | D        | Reached skill level 5 in Dodging
  1338 | D        | Noticed a merfolk siren
  1347 | D        | Killed a merfolk siren
  1347 | D        | Received a gift from Trog
  1348 | D        | Reached skill level 14 in Polearms
  1348 | D        | Reached XP level 10. HP: 101/101 MP: 3/9
  1363 | D        | Noticed a deep elf zephyrmancer
  1363 | D        | Noticed Eustachio
  1369 | D        | Killed a deep elf zephyrmancer
  1375 | D        | Killed Eustachio
  1388 | D        | Noticed a flayed ghost
  1402 | D        | Killed a flayed ghost
  1418 | D        | Reached skill level 15 in Polearms
  1419 | D        | Received a gift from Trog
  1488 | D        | Reached skill level 15 in Armour
  1589 | D        | Noticed a deep elf pyromancer
  1589 | D        | Noticed a merfolk avatar
  1620 | D        | Killed a deep elf pyromancer
  1623 | D        | Killed a merfolk avatar
  1623 | D        | Received a gift from Trog
  1624 | D        | Reached skill level 16 in Polearms
  1624 | D        | Reached XP level 11. HP: 42/111 MP: 3/10
  1865 | D        | Noticed a fire giant
  1883 | D        | Reached skill level 15 in Fighting
  1891 | D        | Killed a fire giant
  1892 | D        | Reached skill level 15 in Shields
  1892 | D        | Received a gift from Trog
  1902 | D        | Reached skill level 17 in Polearms
  2169 | D        | Noticed a lorocyproca
  2169 | D        | Noticed an apis
  2169 | D        | Noticed a death cob
  2169 | D        | Noticed a frost giant
  2169 | D        | Noticed a merfolk javelineer
  2179 | D        | Killed a death cob
  2179 | D        | Received a gift from Trog
  2189 | D        | Killed an apis
  2198 | D        | Killed a lorocyproca
  2199 | D        | Reached skill level 18 in Polearms
  2204 | D        | HP: 5/117 [frost giant/bolt of cold (31)]
  2206 | D        | Killed from afar by a frost giant

Illustrated notes

Levels and vault maps discovered:
D:        pitsprint [storerooms_1, entrance_room_1, metal_vault_5, armoury_3,
          mini_pit_1, grid_room_1, main_hall_1, silver_pit, the_coven_1,
          the_vestibule_1, steel_vault_3, golden_pit, hallway_of_sentries,
          crystal_vault_3, iron_vault_4, final_vault]

Skill      XL: |  1  2  3  4  5  6  7  8  9 10 11 |
---------------+----------------------------------+-----
Fighting       | 7 8 9 10 11 12 13 14 17 | 17.0
Armour         | 7 8 9 10 11 12 14 15 16 | 16.8
Shields        | 6 8 10 11 12 13 14 16 | 16.2
Polearms       | 4 5 6 7 9 11 14 16 18 | 18.1
Dodging        | 1 2 4 5 6 |  6.0
Stealth        | 1 2 |  2.0

Action                   |  1- 3 |  4- 6 |  7- 9 | 10-12 || total
-------------------------+-------+-------+-------+-------++-------
Melee: Trident           |     8 |    42 |    74 |       ||   124
       Headbutt          |     2 |     6 |    16 |    38 ||    62
       Spear             |       |       |    48 |   180 ||   228
Invok: Berserk           |       |       |     4 |     4 ||     8
       Brothers in Arms  |       |       |       |     2 ||     2
  Use: Potion            |       |     1 |     1 |     2 ||     4
Armor: Scale mail        |     1 |    15 |     7 |       ||    23
       Plate armour      |       |       |     8 |    31 ||    39
Dodge: Dodged            |     2 |     8 |    19 |    15 ||    44
Block: Kite shield       |     1 |    17 |    34 |    47 ||    99

Table legend: (Time is in decaauts)
 A = Elapsed time spent in this place.
 B = Non-inter-level travel time spent in this place.
 C = Inter-level travel time spent in this place.
 D = Time resting spent in this place.
 E = Time spent auto-exploring this place.
 F = Levels seen in this place.
 G = Mean time per level.
                   A        B        C        D        E       F      G
               +--------+--------+--------+--------+--------+-----+--------+
         Total |   2164 |   2164 |      0 |   1138 |    219 |   1 | 2164.0 |
       Dungeon |   2164 |   2164 |      0 |   1138 |    219 |   1 | 2164.0 |
               +--------+--------+--------+--------+--------+-----+--------+

Top non-repeatable levels by time:
       D: 2164 daAuts
